AoeStats
← 李天尊

Coastal Forest

510521012Analyzed
4v4 RM · 2d ago on Oct 1, 2026· 29m 46s· 8 players
Game mode
Random Map
Map size
Large (8 player)
Population
200
Speed
Normal
Resources
Standard
Victory
Conquest
Starting age
Dark Age
Ending age
Imperial Age
RankedLock teamsTeams togetherTeam positionsShared explorationLock speedFull tech treeHidden civsTurbo modeCheats
Victory
Defeat
🇹🇷 Malay · Türkiye
1403
+14
🇨🇳 Spanish · China
1371
+15
1358
+16
🇷🇴 Khitans · Romania
1356
+16
🇨🇳 Saracens · China
1421
-18
🇹🇼 Danes · Taiwan
1389
-17
🇭🇰 Khmer · Hong Kong SAR China
1326
-14
🇮🇳 Berbers · India
1267
-28
PAX
10:18 Feudal Age
10:50 Loom
11:45 Double-Bit Axe
12:27 Forging
14:07 Domestication
24:49 Castle Age
23:06 Scale Barding Armor
25:46 Husbandry
25:08 Light Cavalry
26:11 Chain Barding Armor
25:44 Fletching
28:18 Iron Casting
_KKK
10:36 Feudal Age
10:36 Loom
11:07 Double-Bit Axe
17:27 Castle Age
18:44 Medium Warships
21:37 Bow Saw
22:50 Horse Collar
25:21 Fletching
25:50 Heavy Plow
26:15 Padded Archer Armor
27:27 Bodkin Arrow
28:49 Gold Mining
29:27 Ballistics
29:25 Leather Archer Armor
べにいろもみじ
2:10 Loom
10:57 Feudal Age
11:48 Fishing Lines
13:05 Double-Bit Axe
18:41 Castle Age
19:38 Bow Saw
21:13 Horse Collar
21:58 Gillnets
23:15 Wheelbarrow
25:44 Hand Cart
26:49 Gold Mining
30:33 Imperial Age
28:00 Vendel Legacy
29:34 Forging
29:31 Scale Barding Armor
29:39 Husbandry
29:50 Bloodlines
Apep
5:09 Loom
9:56 Feudal Age
12:09 Double-Bit Axe
13:36 Fletching
16:58 Horse Collar
26:17 Castle Age
25:19 Crossbowman
25:55 Bodkin Arrow
nevermindlosing8042
7:09 Loom
9:54 Feudal Age
10:30 Double-Bit Axe
10:51 Horse Collar
19:45 Wheelbarrow
23:53 Castle Age
23:18 Forging
23:27 Gold Mining
24:48 Bloodlines
27:40 Scale Barding Armor
La.Reina.de.Once
10:41 Feudal Age
9:48 Loom
14:26 Castle Age
13:04 Double-Bit Axe
15:43 Bow Saw
16:34 Horse Collar
18:40 Heavy Plow
20:05 Loom
21:32 Stone Mining
21:33 Gold Mining
29:47 Imperial Age
29:09 Bloodlines
28:59 Husbandry
30:25 Gold Shaft Mining
李天尊
7:07 Loom
9:19 Feudal Age
10:06 Double-Bit Axe
10:16 Town Watch
10:42 Horse Collar
17:56 Scale Barding Armor
18:47 Forging
19:39 Bloodlines
29:01 Castle Age
喷火龙
10:14 Feudal Age
11:19 Double-Bit Axe
14:50 Castle Age
13:44 Gold Mining
14:07 Fletching
15:50 Medium Warships
15:55 Bodkin Arrow
19:43 Loom
26:32 Forging
26:38 Horse Collar
28:06 Wheelbarrow
28:23 Padded Archer Armor
29:18 Bow Saw
30:21 Careening
Connection lost

Rejoining the realm…

Still unreachable

The connection could not be restored.

Session expired

The server has moved on; the page needs a fresh start.